 Dungeon Crawl Stone Soup version 0.32-a0-560-g4c7f4391e0 (webtiles) character file.

Game seed: 15565164581548311304

39 lunkers the Cutter (level 3, -1/27 HPs)
             Began as a Coglin Brigand on Feb 29, 2024.
             Slain by a cerulean imp
             ... wielding a +2 spear
             ... summoned by Natasha
              (6 damage)
             ... on level 2 of the Dungeon.
             The game lasted 00:01:42 (1145 turns).

lunkers the Cutter (Coglin Brigand)                 Turns: 1145, Time: 00:01:43

Health: -1/27      AC:  3    Str: 13    XL:     3   Next: 45%
Magic:  3/3        EV: 11    Int: 10    God:
Gold:   11         SH:  0    Dex: 15    Spells: 2/2 levels left

rFire   . . .        a - +2 dagger {Ai}
rCold   . . .        i - +0 dagger {Rabi}
rNeg    . . .        b - +0 robe
rPois   .            (no helmet)
rElec   .            c - +0 cloak
rCorr   .            (no gloves)
SInv    .            (no boots)
Will    .....        (amulet unavailable)
Stlth   ++           (ring unavailable)
HPRegen 0.24/turn    (ring unavailable)
MPRegen 0.08/turn    (no gizmo)

%: no passive effects
@: revving
A: off-hand wielding, slow wielding, warmup strikes, no jewelry
a: Invent Gizmo


You were on level 2 of the Dungeon.
You visited 1 branch of the dungeon, and saw 2 of its levels.

You collected 11 gold pieces.

Inventory:

Hand Weapons
 a - a +2 dagger (weapon) {Ai}
 i - a +0 dagger (offhand) {Rabi}
Missiles
 d - 9 poisoned darts
 e - 3 curare-tipped darts
 j - 12 stones
Armour
 b - a +0 robe (worn)
 c - a +0 cloak (worn)
Scrolls
 g - 2 scrolls of amnesia {unknown}
 h - 3 scrolls of identify {unknown}
 k - a scroll of acquirement {unknown}
 l - a scroll of poison {unknown}
 o - a scroll of vulnerability {unknown}
Potions
 f - a potion of curing {unknown}
 m - a potion of attraction {unknown}
 n - a potion of heal wounds {unknown}
 p - a potion of lignification {unknown}


   Skills:
 - Level 2.0 Fighting
 + Level 3.4 Short Blades
 - Level 1.7 Throwing
 - Level 0.8 Dodging
 - Level 3.2 Stealth


You had 2 spell levels left.
You didn't know any spells.
Your spell library was empty.

Dungeon Overview and Level Annotations

Branches:
Dungeon (2/15)

Altars:

Annotations:
D:2 Natasha, Sigmund


Innate Abilities, Weirdness & Mutations

You can wield a second weapon in your off-hand.
It takes a long time for you to wield or remove held weapons.
Your first few attacks do less damage.
You cannot equip rings or amulets.


Message History

You barely miss the ribbon worm with your +0 dagger.
The ribbon worm bites you.
* * * LOW HITPOINT WARNING * * *
The rat squeaks loudly.
You hit the ribbon worm but do no damage.
The ribbon worm is severely wounded.
You hit the ribbon worm with your +2 dagger.
You hit the ribbon worm with your +2 dagger.
The ribbon worm is almost dead.
You hit the ribbon worm with your +0 dagger.
You kill the ribbon worm!
You swing at nothing.
You barely miss the kobold with your +2 dagger.
You miss the kobold with your +0 dagger.
The kobold barely misses you.
You hit the kobold but do no damage.
You closely miss the kobold with your +2 dagger.
The kobold hits you but does no damage.
You barely miss the kobold with your +2 dagger.
You miss the kobold with your +0 dagger.
The kobold barely misses you.
You hit the kobold but do no damage. You hit the kobold with your +0 dagger.
Natasha mumbles some strange words.
The kobold closely misses you.
You closely miss the kobold with your +0 dagger.
The kobold is moderately wounded.
You completely miss the kobold with your +2 dagger.
The kobold hits you with a +0 club.
* * * LOW HITPOINT WARNING * * *
You barely miss the kobold with your +0 dagger.
The kobold is moderately wounded.
You hit the kobold with your +2 dagger.
You kill the kobold!
The cerulean imp hits you from afar with a +2 spear.
* * * LOW HITPOINT WARNING * * *
Found an escape hatch in the ceiling.
You barely miss the rat with your +2 dagger.
You hit the rat but do no damage.
The cerulean imp hits you from afar with a +2 spear.
You die...

..#.######.##.# #.#.....#
...........##.# #.....#
#.#.######.##.#########.#
#.#.# #.##...........#
#.#.# #.############.#
.)..# #.# #.5.5.#########
..### #.# #.###...#......
### #######h##........)..
#...@r5.......#.##.##
#...####.##..#........
<.... .......#...##.##
.##. ...####.#...# # ...
#.#.... .. #.#..### ...
#.#... ##.. #..


You could see Natasha, a cerulean imp (summoned) and a rat.

Vanquished Creatures
  A ribbon worm (D:2)
  A dart slug (D:1)
  An endoplasm (D:1)
  2 giant cockroaches (D:1)
  3 goblins
  3 hobgoblins
  4 jackals (D:1)
  A quokka (D:1)
  2 ball pythons
  4 bats (D:1)
  4 frilled lizards
  4 kobolds
  3 rats
33 creatures vanquished.

Notes
Turn   | Place    | Note
-------+----------+-------------------------------------------
     0 | D:1      | lunkers the Coglin Brigand began the quest for the Orb.
     0 | D:1      | Reached XP level 1. HP: 16/16 MP: 1/1
   140 | D:1      | Reached XP level 2. HP: 15/22 MP: 2/2
   606 | D:1      | Reached XP level 3. HP: 21/27 MP: 3/3
  1082 | D:2      | Noticed Sigmund
  1121 | D:2      | Noticed Natasha
  1145 | D:2      | Slain by a cerulean imp

Illustrated notes

Levels and vault maps discovered:
D:1:      wander_arrival_desolate, layout_basic, serial_bayou,
          serial_bayou_pond_d, serial_bayou_lagoon_a, serial_bayou_lake_a,
          serial_bayou_crossing, minmay_misc_feat_five
D:2:      layout_loops_ring, minmay_tromino_v2, uniq_robin, uniq_natasha,
          uniq_sigmund

Skill      XL: |  1  2 |
---------------+-------+-----
Short Blades   | 2 3 |  3.4
Fighting       | |  2.0
Throwing       | |  1.7
Dodging        | |  0.8
Stealth        | |  3.2

Action                     || total
---------------------------++-------
  Melee: Dagger            ||   186
   Stab: Sleeping          ||     8
 Armour: Robe              ||    62
  Dodge: Dodged            ||    68

Table legend: (Time is in decaauts)
 A = Elapsed time spent in this place.
 B = Non-inter-level travel time spent in this place.
 C = Inter-level travel time spent in this place.
 D = Time resting spent in this place.
 E = Time spent auto-exploring this place.
 F = Levels seen in this place.
 G = Mean time per level.
                   A        B        C        D        E       F      G
               +--------+--------+--------+--------+--------+-----+--------+
         Total |   1164 |   1139 |     25 |      0 |    850 |   2 |  582.0 |
       Dungeon |   1164 |   1139 |     25 |      0 |    850 |   2 |  582.0 |
               +--------+--------+--------+--------+--------+-----+--------+

Top non-repeatable levels by time:
     D:1: 997 daAuts
     D:2: 166 daAuts
